 Dungeon Crawl Stone Soup version 0.30-a0-632-g346586fe48 (webtiles) character file.

Game seed: 13080253420184305841

548 IdlyInterested the Chopper (level 7, 0/56 HPs)
             Began as a Demonspawn Fighter on Jan 13, 2023.
             Slain by a scorpion (3 damage)
             ... on level 4 of the Dungeon.
             The game lasted 00:11:30 (3637 turns).

IdlyInterested the Chopper (Demonspawn Fighter)     Turns: 3637, Time: 00:11:31

Health: 0/56       AC: 12    Str: 16    XL:     7   Next: 7%
Magic:  7/7        EV:  6    Int: 10    God:
Gold:   285        SH:  8    Dex: 14    Spells: 6/6 levels left

rFire   . . .      SeeInvis .    a - +1 war axe
rCold   . . .      Faith    .    c - +0 buckler
rNeg    . . .      Spirit   .    i - +0 chain mail
rPois   .          Reflect  .    (helmet restricted)
rElec   .          Harm     .    w - +0 cloak
rCorr   .          Rampage  .    (no gloves)
Will    .....                    (no boots) Stlth
                                 (no amulet)
HPRegen 0.29/turn                (no ring)
MPRegen 0.10/turn                (no ring)

@: lethally poisoned (0 -> -9)
A: horns 1, rugged brown scales 2, condensation shield
a: no special abilities


You were on level 4 of the Dungeon.
You visited 1 branch of the dungeon, and saw 4 of its levels.

You collected 285 gold pieces.

Inventory:

Hand Weapons
 a - a +1 war axe (weapon)
 s - a +1 mace of draining
Missiles
 g - 4 poisoned darts
 j - 23 stones (quivered)
 n - 2 boomerangs
Armour
 c - a +0 buckler (worn)
 i - a +0 chain mail (worn)
 w - a +0 cloak (worn)
Scrolls
 b - a scroll of fear
 d - a scroll of immolation
 k - a scroll of identify
 p - a scroll of poison
Potions
 e - a potion of mutation
 f - 2 potions of brilliance
 h - a potion of cancellation
 l - 3 potions of haste
 m - 2 potions of attraction
 o - a potion of might
 r - 2 potions of invisibility


   Skills:
 + Level 4.0 Fighting
 * Level 6.0 Axes
 - Level 1.0 Throwing
 * Level 3.1 Armour
 - Level 1.0 Dodging
 - Level 1.0 Stealth
 - Level 2.6 Shields


You had 6 spell levels left.
You didn't know any spells.
Your spell library was empty.

Dungeon Overview and Level Annotations

Branches:
Dungeon (4/15)
 Temple: D:4-7

Altars:
Trog


Innate Abilities, Weirdness & Mutations

You have a pair of small horns on your head.
You are mostly covered in rugged brown scales. (AC +2, +5% HP)
A meltable shield of frost defends you. (SH +4)


Message History

You hit the scorpion.
The scorpion is severely wounded.
You hit the scorpion. x2
You feel extremely sick. The scorpion stings you.
The scorpion completely misses you. The scorpion stings you. x2
* * * LOW HITPOINT WARNING * * *
You are more poisoned.
The scorpion poisons you!
The scorpion stings you but does no damage.
You closely miss the scorpion.
The scorpion is severely wounded.
You barely miss the scorpion. You hit the scorpion.
* * * LOW HITPOINT WARNING * * *
You feel extremely sick.
The scorpion stings you but does no damage. x3
The scorpion stings you.
* * * LOW HITPOINT WARNING * * *
You feel better.
The scorpion stings you but does no damage. x3
You completely miss the scorpion.
The scorpion is severely wounded.
You barely miss the scorpion. You hit the scorpion.
You kill the scorpion!
The scorpion stings you.
* * * LOW HITPOINT WARNING * * *
You are lethally poisoned!
The scorpion poisons you! You block the scorpion's attack.
The scorpion stings you but does no damage. x2
Your Axes skill increases to level 6!
You have reached level 7!
Your demonic ancestry asserts itself...
Frost condenses into a shield before you.
You closely miss the scorpion.
The scorpion is severely wounded.
You barely miss the scorpion.
* * * LOW HITPOINT WARNING * * *
You feel very sick. You block the scorpion's attack. The scorpion stings you.
You die...

.###*,,,,,,,*#.#.##............##
.# *^,,*,..P#.#...............##
.# *,,,*^,.^######.............#
.# ***,**,*..** #...........##.#
.# *^,,*,,**.,* #.#####..#####.#
.# *****,####.* #.# #..# #.# .#
**,,,,#.##.###.######.# #.# .#
*,,*,*#..#.†#s.....##.#####<# .#
****,##.###s@.####.##........
.#########....##### #.##.#####.#
............##.#######.##.#####.#
...........###...................
############ #########.##.##.####
#.##.##.# # #.##.##.####
#.##.##.#... #.........#.


You could see 2 scorpions.

Vanquished Creatures
  A scorpion (D:4)
  A hound (D:4)
  Crazy Yiuf (D:3)
  3 jellies (D:3)
  Jessica (D:3)
  An iguana (D:4)
  Terence (D:3)
  2 orc wizards (D:3)
  4 gnolls (D:4)
  5 adders
  2 worms
  3 dart slugs
  7 orcs (D:3)
  7 ball pythons
  16 endoplasms
  3 giant cockroaches
  10 hobgoblins
  2 jackals (D:2)
  14 kobolds
  8 bats
  4 frilled lizards
  17 goblins
  4 rats
117 creatures vanquished.

Vanquished Creatures (others)
  2 fungi (D:3)
  8 toadstools (D:3)
10 creatures vanquished.

Grand Total: 127 creatures vanquished

Notes
Turn   | Place    | Note
-------+----------+-------------------------------------------
     0 | D:1      | IdlyInterested the Demonspawn Fighter began the quest for
                  | the Orb.
     0 | D:1      | Reached XP level 1. HP: 18/18 MP: 1/1
   106 | D:1      | Reached skill level 2 in Axes
   155 | D:1      | Gained mutation: You have a pair of small horns on your
                  | head. [demonic ancestry]
   155 | D:1      | Reached XP level 2. HP: 23/24 MP: 2/2
   404 | D:1      | Reached skill level 1 in Dodging
   779 | D:2      | Gained mutation: You are partially covered in rugged brown
                  | scales. (AC +1, +3% HP) [demonic ancestry]
   779 | D:2      | Reached XP level 3. HP: 24/29 MP: 3/3
   984 | D:2      | Found a bloodstained altar of Trog.
  1505 | D:2      | Reached skill level 3 in Axes
  1717 | D:3      | Reached XP level 4. HP: 30/36 MP: 4/4
  1867 | D:3      | Noticed Jessica
  1868 | D:3      | Killed Jessica
  1869 | D:3      | Reached skill level 1 in Stealth
  1933 | D:3      | Reached skill level 4 in Axes
  1933 | D:3      | Gained mutation: You are mostly covered in rugged brown
                  | scales. (AC +2, +5% HP) [demonic ancestry]
  1933 | D:3      | Reached XP level 5. HP: 20/43 MP: 5/5
  2184 | D:3      | Reached skill level 5 in Axes
  2184 | D:3      | Reached XP level 6. HP: 13/50 MP: 6/6
  2431 | D:3      | Noticed Terence
  2442 | D:3      | Killed Terence
  2443 | D:3      | Reached skill level 1 in Throwing
  2825 | D:3      | Found a runed translucent door.
  2826 | D:3      | Noticed Crazy Yiuf
  2835 | D:3      | Killed Crazy Yiuf
  3634 | D:4      | HP: 1/50 [scorpion (3)]
  3637 | D:4      | Reached skill level 6 in Axes
  3637 | D:4      | Gained mutation: A meltable shield of frost defends you.
                  | (SH +4) [demonic ancestry]
  3637 | D:4      | Reached XP level 7. HP: 6/56 MP: 7/7
  3637 | D:4      | Slain by a scorpion

Illustrated notes

Levels and vault maps discovered:
D:1:      wander_arrival_estate, layout_basic
D:2:      layout_loops_cross, basic_altar
D:3:      cheibrodos_fertilizer, layout_rooms, minmay_goblin_outpost,
          uniq_terence, uniq_crazy_yiuf_cottage, uniq_jessica
D:4:      old_forge, layout_loops_ring, minmay_three_crescents

Skill      XL: |  1  2  3  4  5  6 |
---------------+-------------------+-----
Axes           | 2 3 4 5 6 |  6.0
Dodging        | 1 |  1.0
Stealth        | 1 |  1.0
Throwing       | 1 |  1.0
Armour         | 3 |  3.1
Fighting       | 4 |  4.0
Shields        | |  2.6

Action                   |  1- 3 |  4- 6 |  7- 9 || total
-------------------------+-------+-------+-------++-------
Melee: War axe           |   121 |   140 |     1 ||   262
       Headbutt          |    15 |    23 |       ||    38
 Fire: Sling             |       |     2 |       ||     2
Throw: Stone             |       |    10 |       ||    10
  Use: Potion            |     2 |     6 |       ||     8
       Scroll            |     1 |    14 |       ||    15
Armor: Scale mail        |    47 |       |       ||    47
       Chain mail        |    27 |   132 |       ||   159
Dodge: Dodged            |    57 |    46 |       ||   103
Block: Buckler           |    30 |    40 |     1 ||    71

Table legend: (Time is in decaauts)
 A = Elapsed time spent in this place.
 B = Non-inter-level travel time spent in this place.
 C = Inter-level travel time spent in this place.
 D = Time resting spent in this place.
 E = Time spent auto-exploring this place.
 F = Levels seen in this place.
 G = Mean time per level.
                   A        B        C        D        E       F      G
               +--------+--------+--------+--------+--------+-----+--------+
         Total |   3735 |   3204 |    531 |    370 |   1785 |   4 |  933.8 |
       Dungeon |   3735 |   3204 |    531 |    370 |   1785 |   4 |  933.8 |
               +--------+--------+--------+--------+--------+-----+--------+

Top non-repeatable levels by time:
     D:3: 1342 daAuts
     D:1: 999 daAuts
     D:2: 775 daAuts
     D:4: 617 daAuts
